 Dungeon Crawl Stone Soup version 0.31-a0-875-g02e7d12df6 (webtiles) character file.

Game seed: 348704494730198357

0 IdlyInterested the Gusty (level 1, -3/15 HPs)
             Began as a Demonspawn Wanderer on Oct 12, 2023.
             Slain by a gnoll
             ... wielding a +0 whip
              (4 damage)
             ... on level 1 of the Dungeon.
             The game lasted 00:00:46 (47 turns).

IdlyInterested the Gusty (Demonspawn Wanderer)        Turns: 47, Time: 00:00:46

Health: -3/15      AC:  2    Str:  9    XL:     1   Next: 8%
Magic:  0/2        EV: 11    Int: 11    God:
Gold:   0          SH:  0    Dex: 17    Spells: 1/2 levels left

rFire   . . .        a - +0 dagger
rCold   . . .        (no shield)
rNeg    . . .        d - +0 robe
rPois   .            (no helmet)
rElec   .            (no cloak)
rCorr   .            (no gloves)
SInv    .            (no boots)
Will    .....        (no amulet)
Stlth   ++           (no ring)
HPRegen 0.22/turn    (no ring)
MPRegen 0.08/turn

%: no passive effects
@: very slightly contaminated
A: no striking features
a: no special abilities


You were on level 1 of the Dungeon.
You visited 1 branch of the dungeon, and saw 1 of its levels.

Inventory:

Hand Weapons
 a - a +0 dagger (weapon)
Armour
 d - a +0 robe (worn)
Scrolls
 e - a scroll of fog
Potions
 b - a potion of curing
 c - a potion of attraction


   Skills:
 * Level 1.0 Fighting
 - Level 1.0 Throwing
 - Level 1.0 Armour
 + Level 0.0 Dodging
 - Level 1.0 Stealth
 - Level 1.0 Spellcasting
 - Level 2.6 Air Magic
 - Level 2.0 Evocations


You had one spell level left.
You knew the following spells:

 Your Spells              Type           Power      Damage    Failure   Level
a - Shock                 Conj/Air       12%        1d3       19%         1

Your spell library contained the following spells:

 Spells                   Type           Power      Damage    Failure   Level
 Poisonous Vapours        Pois/Air       6%         N/A       28%         2
 Summon Lightning Spire   Summ/Air       3%         N/A       88%         4


Dungeon Overview and Level Annotations

Branches:
Dungeon (1/15)

Altars:


Message History

Welcome, IdlyInterested the Demonspawn Wanderer.
They say the Orb of Zot lies within this dungeon, but they say a lot of things.
Press ? for a list of commands and other information.
Found eight items.
Found an escape hatch in the floor.
Found a staircase leading out of the dungeon.
You begin with the following items: a +0 dagger, a potion of curing, a potion of attraction, a +0 robe, a scroll of fog; and the following spell memorised: Shock; and the following spells available to memorise: Poisonous Vapours, Summon Lightning Spire.
Unknown command.
Found a faded altar of an unknown god.
A rat comes into view.
Aiming: Shock (safe; 19% risk of failure)
Press: ? - help, Q - select action Shift-Dir - straight line The zap hits the rat.
You kill the rat!
You start resting.
Magic restored.
You see here a rat corpse.
A gnoll comes into view. It is wielding a +0 whip.
The gnoll shouts!
Aiming: Shock (safe; 19% risk of failure)
Press: ? - help, Q - select action Shift-Dir - straight line, f - gnoll
Aim: a gnoll, wielding a +0 whip (69% to hit)
You miscast Shock.
You are very lightly contaminated with residual magic.
Nothing appears to happen.
Aiming: Shock (safe; 19% risk of failure)
Press: ? - help, Q - select action Shift-Dir - straight line, f/p - gnoll
Aim: a gnoll, wielding a +0 whip (69% to hit)
The zap hits the gnoll but does no damage.
The gnoll hits you with a +0 whip!
Ouch! That really hurt!
You hit the gnoll but do no damage. The gnoll completely misses you.
You hit the gnoll but do no damage. The gnoll hits you with a +0 whip.
* * * LOW HITPOINT WARNING * * *
You hit the gnoll but do no damage. The gnoll closely misses you.
You hit the gnoll but do no damage. The gnoll hits you with a +0 whip.
You die...

. ##. #.. # #.# .
..## ... #. #.. ...
#.###g# #..
#...#@###### #.#
#........# #.#
##†#####..##.######
#.# #....._...# #.#
#####....## #.#
##.....#...#
#.###..#####...###
#####.#...##
#.%.....#
#.......###
#.≈...≈.#


You could see a gnoll.

Vanquished Creatures
  A rat (D:1)
1 creature vanquished.

Notes
Turn   | Place    | Note
-------+----------+-------------------------------------------
     0 | D:1      | IdlyInterested the Demonspawn Wanderer began the quest for
                  | the Orb.
     0 | D:1      | IdlyInterested set off with the following items: a +0
                  | dagger, a potion of curing, a potion of attraction, a +0
                  | robe, a scroll of fog; and the following spell memorised:
                  | Shock; and the following spells available to memorise:
                  | Poisonous Vapours, Summon Lightning Spire.
     0 | D:1      | Reached XP level 1. HP: 15/15 MP: 2/2
     0 | D:1      | Found a faded altar of an unknown god.
    47 | D:1      | Slain by a gnoll

Illustrated notes

Levels and vault maps discovered:
D:1:      dreamdust_arrival_sigmund_warning, layout_rooms,
          basic_ecumenical_altar

Action                     || total
---------------------------++-------
  Melee: Dagger            ||     4
   Cast: Shock             ||     2
 Armour: Robe              ||     3
  Dodge: Dodged            ||     2

Table legend: (Time is in decaauts)
 A = Elapsed time spent in this place.
 B = Non-inter-level travel time spent in this place.
 C = Inter-level travel time spent in this place.
 D = Time resting spent in this place.
 E = Time spent auto-exploring this place.
 F = Levels seen in this place.
 G = Mean time per level.
                   A        B        C        D        E       F      G
               +--------+--------+--------+--------+--------+-----+--------+
         Total |     47 |     47 |      0 |     12 |     22 |   1 |   47.0 |
       Dungeon |     47 |     47 |      0 |     12 |     22 |   1 |   47.0 |
               +--------+--------+--------+--------+--------+-----+--------+

Top non-repeatable levels by time:
     D:1: 47 daAuts
